 Dungeon Crawl Stone Soup version 0.29-a0-397-g846e4a0bbc (webtiles) character file.

Game seed: 14161021715578040205

15026 MordorOrchid the Thaumaturge (level 12, -5/79 HPs)
             Began as a Djinni Conjurer on May 11, 2022.
             Was a Believer of Makhleb.
             Slain by a sixfirhy (12 damage)
             ... summoned by an orc high priest
             ... on level 2 of the Orcish Mines.
             The game lasted 00:47:02 (15180 turns).

MordorOrchid the Thaumaturge (Djinni Conjurer)     Turns: 15180, Time: 00:47:02

Health: -5/79      AC: 11    Str:  6    XL:     12   Next: 52%
Gold:   796        EV: 21    Int: 25    God:    Makhleb [**....] SH:  0 Dex: 18

rFire   + + .      SeeInvis .   G - +6 spear (freeze)
rCold   x . .      Faith    .   (no shield)
rNeg    . . .      Spirit   .   P - +2 steam dragon scales
rPois   ∞          Reflect  .   E - +0 helmet
rElec   .          Harm     .   U - +0 cloak
rCorr   .          Rampage  .   y - +0 pair of gloves
Will    +....                   (boots unavailable)
Stlth   +++.......              (no amulet)
HPRegen 0.23/turn               e - +4 ring of evasion
MPRegen 0.00/turn               r - +6 ring of dexterity

@: flying
A: sickness immunity, fire resistance 2, cold vulnerability 1, float, innate
caster, HP casting, extra vitality 1
a: Renounce Religion, Minor Destruction


You were on level 2 of the Orcish Mines.
You worshipped Makhleb.
Makhleb was pleased with you.
You visited 3 branches of the dungeon, and saw 12 of its levels.
You also visited: Sewer.

You collected 796 gold pieces.

Inventory:

Hand Weapons
 f - a +0 dagger
 n - a +1 whip of flaming
 D - a +2 whip of electrocution
 F - a +4 dagger of flaming
 G - a +6 spear of freezing (weapon)
Missiles
 k - 11 javelins
 q - 17 boomerangs
 s - 3 throwing nets
 z - 11 poisoned darts (quivered)
 A - 2 curare-tipped darts
Armour
 a - a +0 robe
 y - a +0 pair of gloves (worn)
 E - a +0 helmet (worn)
 O - a +0 robe of willpower
 P - +2 steam dragon scales (worn)
 U - a +0 cloak (worn)
Jewellery
 e - a +4 ring of evasion (left hand)
 h - a +6 ring of strength
 m - a ring of resist corrosion
 r - a +6 ring of dexterity (right hand)
 t - an amulet of regeneration
 R - a ring of protection from cold
 T - a ring of positive energy
Wands
 u - a wand of flame (25)
 B - a wand of charming (15)
 C - a wand of iceblast (9)
 W - a wand of mindburst (5)
Scrolls
 d - 2 scrolls of summoning
 j - 3 scrolls of teleportation
 l - 3 scrolls of blinking
 o - 2 scrolls of magic mapping
 v - a scroll of fear
 x - a scroll of enchant weapon
 I - a scroll of brand weapon
 K - a scroll of acquirement {unknown}
 M - a scroll of fog {unknown}
 N - a scroll of poison
Potions
 c - a potion of cancellation
 g - 3 potions of attraction
 i - 5 potions of curing
 p - 4 potions of mutation
 w - 5 potions of might
 H - a potion of berserk rage {unknown}
 J - 5 potions of lignification
 L - a potion of haste
Miscellaneous
 V - a box of beasts
 X - a condenser vane


   Skills:
 * Level 4.5 Fighting
 * Level 4.4 Armour
 * Level 8.2 Dodging
 * Level 6.3 Stealth
 + Level 11.4 Spellcasting
 * Level 2.4 Invocations
 - Level 6.0 Evocations


You had 5 spell levels left.
You knew the following spells:

 Your Spells              Type           Power      Damage    Failure   Level
a - Magic Dart            Conj           100%       1d8       1%          1
b - Searing Ray           Conj           100%       2d8       1%          2
c - Dazzling Flash        Conj/Hex       100%       N/A       1%          3
d - Silence               Hex/Air        32%        N/A       1%          5
f - Sting                 Tmut/Pois      100%       1d8       1%          1
h - Call Imp              Summ           64%        N/A       1%          2
i - Iskenderun's Mystic   Conj/Tloc      64%        2d13      1%          4
r - Flame Wave            Conj/Fire      64%        2d12      1%          4
y - Wereblood             Tmut           64%        N/A       1%          2
J - Fulminant Prism       Conj/Hex       32%        3d16      1%          4
Your spell library was empty.

Dungeon Overview and Level Annotations

Branches:
Dungeon (9/15)             Temple (1/1) D:7             Orc (2/2) D:9
    Elf (0/3) Orc:2         Sewer (visited)
   Lair: D:8-11

Altars:
Ashenzari
Fedhas
Gozag
Hepliaklqana
Makhleb
Nemelex Xobeh
Okawaru
Qazlal
Trog
Uskayaw
Wu Jian
Xom
Yredelemnul
Zin

Annotations:
Orc:1 1 runed translucent door, Xaujoonn's ghost, journeyman MiFi


Innate Abilities, Weirdness & Mutations

You are immune to sickness and miasma.
You are immune to poison.
Your flesh is very heat resistant. (rF++)
You are vulnerable to cold. (rC-)
You float through the air rather than walking.
You learn spells naturally, not from books.
Your magical power is your life essence.
You have superior vitality. (+4 MHP)


Message History

The warg closely misses you. The warg bites you!
* * * LOW HITPOINT WARNING * * *
Casting: Fulminant Prism (safe; 1% risk of failure)
Confirm with . or Enter, or press ? or * to list all spells.
You erupt in a blast of force!
The mystic blast hits something!
Makhleb accepts your kill.
Reactivating autopickup.
You feel a bit more experienced.
The mystic blast hits the warg.
The warg is almost dead.
The warg is knocked back by the mystic blast.
* * * LOW HITPOINT WARNING * * *
Unknown command.
Aiming: Iceblast
Press: ? - help, Shift-Dir - straight line, f - warg
Aim: a warg The mass of ice explodes!
The iceblast engulfs the warg!
The warg is moderately wounded.
The iceblast engulfs the warg!
You kill the warg!
Makhleb accepts your kill.
The orc high priest calls down the wrath of Beogh upon you.
Pain shoots through your body!
* * * LOW HITPOINT WARNING * * *
Unknown command.
Unknown command.
You feel much better.
An orc high priest comes into view. It is wielding a +0 flail.
The orc high priest utters an invocation to Beogh.
Unknown command.
Blink to where?
Press: ? - help, Dir - move target, p - warg An orc priest comes into view.
It is wielding a +0 flail.
As you read the scroll of blinking, it crumbles to dust.
The orc high priest calls down the wrath of Beogh upon you.
Beogh smites you!
* * * LOW HITPOINT WARNING * * *
The sixfirhy hits you.
* * * LOW HITPOINT WARNING * * *
The sixfirhy shocks you!
You die...

##...†.........
#...)........$.
######$............
##.#.##h.)#..[.##.##
#..........)$.## .#
##.........).4.## #
#.........))....#
#........)o#..#.#
..#..)..@3..)##...#
.........[........#
..........)...o....
#.........)[..o....
........)........)
............#.....
...$.....$..)#..#
.......>...#...#
....$.....#...#


You could see 2 orc high priests, an orange demon (summoned), a sixfirhy
(summoned), a warg and an orc priest.

Vanquished Creatures
  An orc warlord (Orc:1)
  A hydra (D:7)
  4 two-headed ogres
  2 orc high priests (Orc:2)
  A troll (D:7)
  Sigmund (D:4)
  A shadow (D:9)
  A wyvern (D:5)
  15 yaks (D:9)
  Grum (D:8)
  2 steam dragons
  Menkaure (D:5)
  9 wargs
  A water moccasin (D:4)
  2 sky beasts
  13 orc warriors
  A black bear (D:4)
  An ice beast (D:6)
  5 ogres
  2 wolves (D:8)
  A centaur (D:7)
  4 phantoms
  2 necrophages (D:6)
  8 bullfrogs
  3 scorpions
  5 wights (D:6)
  A jelly (D:6)
  2 howler monkeys
  8 hounds
  A gnoll shaman (D:3)
  12 orc priests
  7 iguanas
  Ijyb (D:5)
  17 orc wizards
  13 adders
  28 gnolls
  7 river rats
  A white imp (D:6)
  2 ufetubi
  A worm (D:6)
  2 dart slugs
  61 orcs
  15 ball pythons
  4 bats
  7 endoplasms
  7 giant cockroaches
  6 hobgoblins
  12 jackals
  6 kobolds
  3 quokkas
  3 frilled lizards
  6 goblins
  27 rats
  A fulminant prism (D:9)
349 creatures vanquished.

Vanquished Creatures (others)
  109 fulminant prisms
  5 fungi (D:3)
  3 plants (D:3)
  2 withered plants (Orc:1)
119 creatures vanquished.

Grand Total: 468 creatures vanquished

Notes
Turn   | Place    | Note
-------+----------+-------------------------------------------
     0 | D:1      | MordorOrchid the Djinni Conjurer began the quest for the
                  | Orb.
     0 | D:1      | Reached XP level 1. HP: 15/15 MP: 0/0
   217 | D:1      | Reached XP level 2. HP: 10/21 MP: 0/0
   945 | D:1      | Reached XP level 3. HP: 25/26 MP: 0/0
   945 | D:1      | Learned a level 1 spell: Sting
  1428 | D:2      | Reached skill level 1 in Fighting
  1471 | D:2      | Reached skill level 4 in Spellcasting
  1471 | D:2      | Reached XP level 4. HP: 27/32 MP: 0/0
  2287 | D:3      | Reached XP level 5. HP: 11/37 MP: 0/0
  2287 | D:3      | Learned a level 2 spell: Wereblood
  2811 | D:3      | Reached XP level 6. HP: 22/43 MP: 0/0
  3043 | D:3      | Reached skill level 5 in Spellcasting
  3192 | D:3      | Noticed an ogre
  3198 | D:3      | Killed an ogre
  3199 | D:3      | Reached XP level 7. HP: 43/49 MP: 0/0
  3199 | D:3      | Learned a level 2 spell: Call Imp
  3316 | D:3      | Found a faded altar of an unknown god.
  4431 | D:3      | Reached skill level 6 in Spellcasting
  4938 | D:4      | Reached XP level 8. HP: 51/56 MP: 0/0
  5854 | D:4      | Found a broken altar of Ashenzari.
  5864 | D:4      | Reached skill level 1 in Evocations
  6106 | D:4      | Reached skill level 7 in Spellcasting
  6482 | D:4      | Noticed Sigmund
  6489 | D:4      | Killed Sigmund
  6490 | D:4      | Reached skill level 5 in Dodging
  6490 | D:4      | Reached XP level 9. HP: 54/61 MP: 0/0
  6490 | D:4      | Learned a level 4 spell: Flame Wave
  6610 | D:5      | Entered Level 5 of the Dungeon
  6888 | D:5      | Noticed Ijyb
  6894 | D:5      | Killed Ijyb
  7709 | D:5      | Noticed Menkaure
  7713 | D:5      | Killed Menkaure
  8139 | D:6      | Reached skill level 8 in Spellcasting
  8297 | D:6      | Found an opulent altar of Gozag.
  8318 | D:6      | Reached XP level 10. HP: 30/67 MP: 0/0
  8354 | D:6      | Found a glowing drain.
  8530 | Sewer    | Entered a sewer
  9813 | D:6      | Reached skill level 9 in Spellcasting
 10190 | D:7      | Noticed a five-headed hydra
 10218 | D:7      | Killed a five-headed hydra
 10364 | D:7      | Found a hazy altar of Hepliaklqana.
 10769 | D:7      | Found a staircase to the Ecumenical Temple.
 10780 | Temple   | Entered the Ecumenical Temple
 10793 | Temple   | Became a worshipper of Makhleb the Destroyer
 11180 | D:8      | Noticed Grum
 11191 | D:8      | Killed Grum
 11192 | D:8      | Reached skill level 1 in Armour
 11329 | D:8      | Reached skill level 5 in Stealth
 11378 | D:8      | Found a stormy altar of Qazlal.
 11732 | D:8      | Reached XP level 11. HP: 67/71 MP: 0/0
 11732 | D:8      | Learned a level 5 spell: Silence
 12373 | D:9      | Reached skill level 5 in Evocations
 12548 | D:9      | Noticed a two-headed ogre
 12585 | D:9      | Killed a two-headed ogre
 12586 | D:9      | Reached skill level 10 in Spellcasting
 13043 | D:9      | Reached * piety under Makhleb
 13431 | D:9      | Found an iron altar of Okawaru.
 13526 | D:9      | Noticed a two-headed ogre
 13538 | D:9      | Killed a two-headed ogre
 13761 | D:9      | Found a hide-covered altar of Uskayaw.
 13761 | D:9      | Found a glowing silver altar of Zin.
 13950 | D:9      | Found a staircase to the Orcish Mines.
 14079 | Orc:1    | Entered Level 1 of the Orcish Mines
 14080 | Orc:1    | Noticed a two-headed ogre
 14157 | Orc:1    | Noticed a two-headed ogre
 14166 | Orc:1    | Killed a two-headed ogre
 14228 | Orc:1    | Found a runed translucent door.
 14229 | Orc:1    | Noticed Xaujoonn's ghost (journeyman MiFi)
 14273 | Orc:1    | Noticed an orc warlord
 14299 | Orc:1    | Killed an orc warlord
 14300 | Orc:1    | Reached skill level 1 in Invocations
 14300 | Orc:1    | Reached XP level 12. HP: 49/78 MP: 0/0
 14306 | Orc:1    | HP: 1/78 [orc warrior/+0 flail[an orc warlord] (8)]
 14307 | Orc:1    | Reached skill level 11 in Spellcasting
 14908 | Orc:2    | Entered Level 2 of the Orcish Mines
 14908 | Orc:2    | Found a staircase to the Elven Halls.
 14921 | Orc:2    | Killed a two-headed ogre
 15138 | Orc:2    | Reached ** piety under Makhleb
 15149 | Orc:2    | Noticed an orc high priest
 15158 | Orc:2    | Noticed an orc high priest
 15161 | Orc:2    | Killed an orc high priest
 15163 | Orc:2    | Killed an orc high priest
 15171 | Orc:2    | Noticed an orc high priest
 15177 | Orc:2    | HP: 3/79 [orc high priest/nerve-wracking pain (6)]
 15178 | Orc:2    | Noticed an orc high priest
 15179 | Orc:2    | Noticed a sixfirhy
 15180 | Orc:2    | Slain by a sixfirhy

Illustrated notes

Levels and vault maps discovered:
D:1:      onia_arrival_pyramid, layout_loops_ring
D:2:      minmay_angry_zag, layout_basic, serial_forest,
          infiniplex_forest_clump_large, infiniplex_forest_lined_3,
          infiniplex_forest_diagonal, infiniplex_forest_clump_diagonal,
          infiniplex_forest_clump_long, infiniplex_forest_straight_3,
          infiniplex_forest_lined_3, minmay_small_reverse_x
D:3:      lemuel_castle_with_subvaults [lemuel_castle_interior_carwin_1],
          layout_rooms, serial_corexii_hall, corexii_hall_statues_i,
          corexii_hall_statues_x, corexii_hall_statues_l,
          dreamdust_ecumenical_altar_grove, minivault_4
D:4:      layout_basic, ashenzari_conservatory_becter, grunt_ministairs_2,
          uniq_sigmund
D:5:      layout_basic, uniq_ijyb, uniq_menkaure
D:6:      layout_basic, kennysheep_mini, portal_sewer_entry_e, grunt_tough_drop
D:7:      layout_basic, mainiacjoe_overflow_six_doors_small,
          minmay_temple_entry_fiery
D:8:      layout_layer_cave, nicolae_qazlal_style_of_elements, uniq_grum
D:9:      layout_roguey, gammafunk_temple_overflow_forgotten, david_orc_4
Temple:   dshaligram_water_room_temple
Orc:1:    layout_diamond_mine, gammafunk_ghost_grave
Orc:2:    st_orc_town, layout_caves, basic_altar, serial_shops, shop,
          uniq_azrael

Skill      XL: |  1  2  3  4  5  6  7  8  9 10 11 12 |
---------------+-------------------------------------+-----
Fighting       | 1 2 3 4 |  4.5
Spellcasting   | 4 5 6 7 8 9 10 11 | 11.4
Dodging        | 3 4 5 6 7 8 |  8.2
Stealth        | 2 3 5 6 |  6.3
Evocations     | 1 3 4 6 |  6.0
Armour         | 1 3 4 |  4.4
Invocations    | 1 2 |  2.4

Action                   |  1- 3 |  4- 6 |  7- 9 | 10-12 || total
-------------------------+-------+-------+-------+-------++-------
Melee: Spear             |       |       |     8 |    14 ||    22
 Cast: Magic Dart        |    51 |   116 |   178 |   166 ||   511
       Searing Ray       |     2 |     2 |    31 |    28 ||    63
       Fulminant Prism   |       |       |    16 |    94 ||   110
       Iskenderun's Myst |       |       |    10 |    18 ||    28
       Wereblood         |       |       |     1 |       ||     1
Evoke: Wand              |       |       |       |     4 ||     4
  Use: Scroll            |       |     6 |     6 |    11 ||    23
       Potion            |       |       |       |     1 ||     1
 Stab: Sleeping          |       |       |       |     1 ||     1
Armor: Robe              |     1 |       |     2 |     2 ||     5
       Steam dragon scal |       |       |       |     5 ||     5
Dodge: Dodged            |     8 |    10 |    35 |    56 ||   109

Table legend: (Time is in decaauts)
 A = Elapsed time spent in this place.
 B = Non-inter-level travel time spent in this place.
 C = Inter-level travel time spent in this place.
 D = Time resting spent in this place.
 E = Time spent auto-exploring this place.
 F = Levels seen in this place.
 G = Mean time per level.
                   A        B        C        D        E       F      G
               +--------+--------+--------+--------+--------+-----+--------+
         Total |  15178 |  14906 |    272 |   3220 |   9578 |  13 | 1167.5 |
       Dungeon |  13708 |  13463 |    245 |   2528 |   9253 |   9 | 1523.1 |
        Temple |     26 |     13 |     13 |      0 |      0 |   1 |   26.0 |
  Orcish Mines |    799 |    786 |     13 |    362 |    251 |   2 |  399.5 |
         Sewer |    643 |    643 |      0 |    330 |     74 |   1 |  643.0 |
               +--------+--------+--------+--------+--------+-----+--------+

Top non-repeatable levels by time:
     D:3: 2765 daAuts
     D:9: 2013 daAuts
     D:4: 1676 daAuts
     D:5: 1512 daAuts
     D:6: 1236 daAuts
     D:8: 1215 daAuts
     D:7: 1123 daAuts
     D:2: 1107 daAuts
     D:1: 1057 daAuts
   Orc:1: 719 daAuts
   Sewer: 643 daAuts
   Orc:2: 79 daAuts
  Temple: 26 daAuts
